 Dungeon Crawl Stone Soup version 0.28-a0-1159-g27aa881441 (webtiles) character file.

Game seed: 14658530883972610749

58 Essalna the Firebug (level 3, -2/24 HPs)
             Began as a Demonspawn Fire Elementalist on Dec 15, 2021.
             Slain by Terence (4 damage)
             ... on level 3 of the Dungeon.
             The game lasted 00:02:58 (1754 turns).

Essalna the Firebug (Demonspawn Fire Elementalist)  Turns: 1754, Time: 00:02:59

Health: -2/24      AC:  2    Str:  8    XL:     3   Next: 76%
Magic:  7/7        EV: 12    Int: 18    God:
Gold:   57         SH:  0    Dex: 13    Spells: 6/7 levels left

rFire   . . .      SeeInvis +   (no weapon)
rCold   . . .      Faith    .   (no shield)
rNeg    . . .      Spirit   .   a - +0 robe
rPois   .          Reflect  .   (no helmet)
rElec   .          Harm     .   (no cloak)
rCorr   .          Rampage  .   (no gloves)
Will    .....                   (no boots)
Stlth   ++........              (no amulet)
HPRegen 0.08/turn               c - ring of see invisible
MPRegen 0.10/turn               (no ring)

@: no status effects
A: hooves 1, foul stench 1
a: no special abilities


You were on level 3 of the Dungeon.
You visited 1 branch of the dungeon, and saw 3 of its levels.

You collected 57 gold pieces.

Inventory:

Armour
 a - a +0 robe (worn)
Jewellery
 c - a ring of see invisible (left hand)
Scrolls
 f - a scroll of immolation {unknown}
 g - a scroll of teleportation {unknown}
Potions
 b - a potion of curing {unknown}
 d - 2 potions of lignification {unknown}
 e - a potion of flight {unknown}
 h - 2 potions of heal wounds {unknown}


   Skills:
 - Level 1.7 Dodging
 - Level 1.7 Stealth
 + Level 2.7 Spellcasting
 + Level 2.2 Conjurations
 + Level 3.3 Fire Magic


You had 6 spell levels left.
You knew the following spells:

 Your Spells              Type           Power      Damage    Failure   Level
a - Foxfire               Conj/Fire      48%        2x1d6     5%          1

Your spell library contained the following spells:

 Spells                   Type           Power      Damage    Failure   Level
 Scorch                   Fire           28%        2d6       6%          2
 Conjure Flame            Conj/Fire      12%        6-21      16%         3
 Blink                    Tloc           4%         N/A       26%         2
 Inner Flame              Hex/Fire       8%         N/A       26%         3
 Flame Wave               Conj/Fire      12%        2d5       47%         4
 Manifold Assault         Tloc           2%         N/A       99%         5
 Storm Form               Tmut/Air       1%         N/A       100%        7


Dungeon Overview and Level Annotations

Branches:
Dungeon (3/15)

Altars:

Annotations:
D:3 Terence


Innate Abilities, Weirdness & Mutations

You have large cloven feet.
You may rarely emit foul miasma when damaged in melee.


Message History

There is an open door here.
The bat barely misses you. The bat hits you.
You emit a cloud of foul miasma!
The bat is engulfed in dark miasma.
The bat is poisoned.
The bat seems to slow down.
There is a stone staircase leading down here.
You kill the bat!
There is a stone staircase leading down here.
You climb downwards.
Found 25 gold pieces and a ring mail.
There is a stone staircase leading up here.
Terence the Incautious comes into view.
He is wielding a +0 mace and wearing a +4 scale mail of willpower.
Terence drinks a potion.
Terence suddenly seems more resistant.
Terence barely misses you.
You hit Terence but do no damage. Terence looks scornfully at you.
Terence hits you with a +0 mace!
You hit Terence.
Terence is lightly wounded.
Terence misses you.
You hit Terence but do no damage.
Terence is lightly wounded.
Terence barely misses you.
You hit Terence but do no damage.
Terence is lightly wounded.
Terence hits you with a +0 mace.
* * * LOW HITPOINT WARNING * * *
You hit Terence but do no damage.
Terence is lightly wounded.
Terence barely misses you.
You hit Terence but do no damage.
Terence is lightly wounded.
Terence hits you with a +0 mace.
* * * LOW HITPOINT WARNING * * *
You emit a cloud of foul miasma!
You hit Terence but do no damage.
Terence is lightly wounded.
Terence is engulfed in dark miasma.
Terence is poisoned.
Terence seems to slow down.
Terence hits you with a +0 mace.
You die...

#......<.....#
.#####....##..###..#
..............#$#...
..........$#..###.##
...........#......#
...........#....###
...............[.
.......@..........
.......@.......
..############# ..


You could see Terence (resistant, poisoned, slow).

Vanquished Creatures
  Jessica (D:2)
  A dart slug (D:1)
  5 bats
  4 endoplasms
  2 giant cockroaches (D:1)
  2 goblins
  3 jackals (D:1)
  3 kobolds
  A quokka (D:1)
  A ball python (D:1)
  4 rats
27 creatures vanquished.

Vanquished Creatures (others)
  91 foxfires
  2 plants (D:2)
93 creatures vanquished.

Grand Total: 120 creatures vanquished

Notes
Turn   | Place    | Note
-------+----------+-------------------------------------------
     0 | D:1      | Essalna the Demonspawn Fire Elementalist began the quest
                  | for the Orb.
     0 | D:1      | Reached XP level 1. HP: 13/13 MP: 3/3
   240 | D:1      | Gained mutation: You may rarely emit foul miasma when
                  | damaged in melee. [demonic ancestry]
   240 | D:1      | Reached XP level 2. HP: 9/19 MP: 0/5
   557 | D:1      | Reached skill level 3 in Fire Magic
  1481 | D:2      | Gained mutation: You have large cloven feet. [demonic
                  | ancestry]
  1481 | D:2      | Reached XP level 3. HP: 24/24 MP: 3/6
  1529 | D:2      | Noticed Jessica
  1536 | D:2      | Killed Jessica
  1652 | D:2      | Found a faded altar of an unknown god.
  1740 | D:3      | Noticed Terence
  1754 | D:3      | Slain by Terence

Illustrated notes

Levels and vault maps discovered:
D:1:      elethiomel_arrival_infinity_welcomes_careful_drivers, layout_rooms
D:2:      layout_loops_corners, chequers_ecumenical_altar_lobes, uniq_jessica,
          uniq_robin
D:3:      layout_basic, item_on_display_a, uniq_natasha, uniq_terence,
          uniq_crazy_yiuf_cottage

Skill      XL: |  1  2  3 |
---------------+----------+-----
Fire Magic     | 3 |  3.3
Conjurations   | 2 |  2.2
Dodging        | |  1.7
Stealth        | |  1.7
Spellcasting   | |  2.7

Action                   || total
-------------------------++-------
Melee: Unarmed           ||    33
       Kick              ||     5
 Cast: Foxfire           ||    55
Armor: Robe              ||    30
Dodge: Dodged            ||    63

Table legend: (Time is in decaauts)
 A = Elapsed time spent in this place.
 B = Non-inter-level travel time spent in this place.
 C = Inter-level travel time spent in this place.
 D = Time resting spent in this place.
 E = Time spent auto-exploring this place.
 F = Levels seen in this place.
 G = Mean time per level.
                   A        B        C        D        E       F      G
               +--------+--------+--------+--------+--------+-----+--------+
         Total |   1752 |   1729 |     23 |      0 |   1402 |   3 |  584.0 |
       Dungeon |   1752 |   1729 |     23 |      0 |   1402 |   3 |  584.0 |
               +--------+--------+--------+--------+--------+-----+--------+

Top non-repeatable levels by time:
     D:1: 1198 daAuts
     D:2: 534 daAuts
     D:3: 19 daAuts
